 Dungeon Crawl Stone Soup version 0.29.1-15-g9cfb28693d (webtiles) character file.

Game seed: 14696306803157973927

61 Heoruswealwe the Caller (level 3, -2/20 HPs)
             Began as a Deep Elf Summoner on Feb 21, 2023.
             Slain by a gnoll
             ... wielding a +0 spear
              (4 damage)
             ... on level 2 of the Dungeon.
             The game lasted 00:16:11 (1421 turns).

Heoruswealwe the Caller (Deep Elf Summoner)         Turns: 1421, Time: 00:16:12

Health: -2/20      AC:  2    Str:  5    XL:     3   Next: 83%
Magic:  1/11       EV: 12    Int: 21    God:
Gold:   60         SH:  3    Dex: 15    Spells: 7/11 levels left

rFire   . . .      SeeInvis .   n - +0 short sword
rCold   . . .      Faith    .   o - +0 buckler
rNeg    . . .      Spirit   .   a - +0 robe
rPois   +          Reflect  .   (no helmet)
rElec   .          Harm     .   (no cloak)
rCorr   .          Rampage  .   (no gloves)
Will    .....                   (no boots)
Stlth   ++........              (no amulet)
HPRegen 0.06/turn               (no ring)
MPRegen 0.12/turn               (no ring)

@: unable to read
A: hooves 1, poison resistance, robust 1, inability to read after injury 1
a: no special abilities


You were on level 2 of the Dungeon.
You visited 1 branch of the dungeon, and saw 2 of its levels.

You collected 60 gold pieces.

Inventory:

Hand Weapons
 d - a +0 dagger
 g - a +0 whip
 i - a +0 whip
 j - a +0 whip
 k - a +0 dagger
 n - a +0 short sword (weapon)
 q - a +0 hand axe
 s - a +0 club
 t - a +0 club
 u - a +0 club
Missiles
 l - 11 stones
Armour
 a - a +0 robe (worn)
 e - a +0 robe
 o - a +0 buckler (worn)
 p - a +0 leather armour
 v - a +0 ring mail
Jewellery
 h - a ring of fire
Scrolls
 c - a scroll of teleportation
 f - a scroll of fear
 w - a scroll of identify
Potions
 b - a potion of magic
 m - a potion of heal wounds
 r - a potion of haste


   Skills:
 - Level 2.4 Dodging
 - Level 2.4 Stealth
 + Level 4.6 Spellcasting
 + Level 5.2 Summonings


You had 7 spell levels left.
You knew the following spells:

 Your Spells              Type           Power      Damage    Failure   Level
a - Summon Small Mammal   Summ           100%       N/A       1%          1
b - Call Canine Familiar  Summ           27%        N/A       5%          3

Your spell library contained the following spells:

 Spells                   Type           Power      Damage    Failure   Level
 Call Imp                 Summ           27%        N/A       2%          2
 Summon Guardian Golem    Hex/Summ       15%        N/A       16%         3
 Portal Projectile        Hex/Tloc       8%         N/A       43%         3
 Tukima's Dance           Hex            4%         N/A       43%         3
 Summon Lightning Spire   Summ/Air       15%        N/A       45%         4
 Blade Hands              Tmut           2%         N/A       99%         5


Dungeon Overview and Level Annotations

Branches:
Dungeon (2/15)

Altars:


Innate Abilities, Weirdness & Mutations

You have large cloven feet.
Your system is resistant to poisons. (rPois)
You are robust. (+10% HP)
You occasionally lose the ability to read scrolls when taking damage.


Message History

You swap places.
Your bat hits the gnoll but does no damage.
The gnoll hits your bat with a +0 halberd!
Your bat dies!
Your bat's corpse disappears in a puff of smoke!
Sorry, you're not good enough to have a special ability.
Unknown command.
Casting: Summon Small Mammal (safe; 1% risk of failure)
Confirm with . or Enter, or press ? or * to list all spells.
Casting: Summon Small Mammal (safe; 1% risk of failure)
Confirm with . or Enter, or press ? or * to list all spells.
The spell is quite dangerous to miscast (5% risk of failure)!
Continue anyway?
The gnoll completely misses you.
Your rat bites the gnoll.
Your hound closely misses the gnoll.
Your rat bites the gnoll but does no damage.
Your hound closely misses the gnoll.
The gnoll hits your rat with a +0 halberd!
Your rat dies!
Your rat's corpse disappears in a puff of smoke!
Your hound bites the gnoll but does no damage.
The gnoll hits your hound but does no damage.
Your hound barely misses the gnoll.
Your hound bites the gnoll.
The gnoll barely misses your hound.
Your hound bites the gnoll.
The gnoll dies!
Your hound barely misses the gnoll.
Casting: Call Canine Familiar (quite dangerous; 5% risk of failure)
Confirm with . or Enter, or press ? or * to list all spells.
Your hound bites the gnoll.
The gnoll barely misses you.
Your hound bites the gnoll.
Your hound bites the gnoll.
You swap places.
Your hound bites the gnoll.
Your quokka bites the gnoll.
Your hound barely misses the frilled lizard.
The gnoll closely misses you.
Your quokka closely misses the gnoll.
Your hound closely misses the frilled lizard.
Your hound closely misses the frilled lizard.
Your quokka bites the gnoll.
The gnoll hits you from afar with a +0 spear.
You feel threatened and lose the ability to read scrolls!
You die...

#lg# #(##
########.#######
#h...lg.........
##l###§.########
#g##..## #g##..##
#r##...#
#.@#...## #####
##.#....# ##..<.
#...##.# #..###
##..##.######.##
#..##....#...#
##..####.†..#####
#..# ##.......#
#..# #..#####..
##..####.## ##.


You could see 2 gnolls, a frilled lizard, a friendly hound (summoned) and a
friendly quokka (summoned).

Vanquished Creatures
  A bat (D:1)
  A hobgoblin (D:1)
  A quokka (D:1)
3 creatures vanquished.

Vanquished Creatures (collateral kills)
  2 gnolls
  A worm (D:1)
  2 dart slugs (D:1)
  4 endoplasms (D:1)
  2 giant cockroaches
  A hobgoblin (D:1)
  4 jackals (D:1)
  2 quokkas (D:1)
  4 ball pythons
  2 bats (D:1)
  4 kobolds
  2 rats (D:2)
30 creatures vanquished.

Grand Total: 33 creatures vanquished

Notes
Turn   | Place    | Note
-------+----------+-------------------------------------------
     0 | D:1      | Heoruswealwe the Deep Elf Summoner began the quest for the
                  | Orb.
     0 | D:1      | Reached XP level 1. HP: 10/10 MP: 6/6
   284 | D:1      | Reached XP level 2. HP: 15/15 MP: 4/8
   664 | D:1      | Reached skill level 5 in Summonings
   664 | D:1      | Reached XP level 3. HP: 12/19 MP: 6/10
   668 | D:1      | Learned a level 3 spell: Call Canine Familiar
  1155 | D:1      | Gained mutation: You are frail. (-10% HP) [potion of
                  | mutation]
  1155 | D:1      | Gained mutation: You have large cloven feet. [potion of
                  | mutation]
  1155 | D:1      | Gained mutation: You are somewhat resistant to further
                  | mutation. [potion of mutation]
  1156 | D:1      | Lost mutation: You are somewhat resistant to further
                  | mutation. [potion of mutation]
  1156 | D:1      | Lost mutation: You are frail. (-10% HP) [potion of
                  | mutation]
  1156 | D:1      | Gained mutation: You are robust. (+10% HP) [potion of
                  | mutation]
  1156 | D:1      | Gained mutation: You occasionally lose the ability to read
                  | scrolls when taking damage. [potion of mutation]
  1156 | D:1      | Gained mutation: Your system is resistant to poisons.
                  | (rPois) [potion of mutation]
  1400 | D:2      | HP: 1/20 [gnoll/+0 halberd (7)]
  1421 | D:2      | Slain by a gnoll

Illustrated notes

Levels and vault maps discovered:
D:1:      dpeg_arrival_brainrot, layout_basic
D:2:      layout_rooms, basic_ecumenical_altar

Skill      XL: |  1  2 |
---------------+-------+-----
Spellcasting   | 4 |  4.6
Summonings     | 5 |  5.2
Dodging        | |  2.4
Stealth        | |  2.4

Action                   || total
-------------------------++-------
Melee: Dagger            ||     9
       Short sword       ||     6
 Cast: Summon Small Mamm ||    33
       Call Canine Famil ||     9
  Use: Scroll            ||     4
       Potion            ||     4
Armor: Robe              ||     9
Dodge: Dodged            ||    27
Block: Buckler           ||     1
